Map: Divergence LE

Players

Lucky

  • Race: Protoss Protoss
  • League: Platinum
  • Spawn Location: 11:00

strider

  • Race: Zerg Zerg
  • League: Platinum
  • Spawn Location: 11:00

qqq - Winner!

  • Race: Zerg Zerg
  • League: Platinum
  • Spawn Location: 5:00

Massa - Winner!

  • Race: Terran Terran
  • League: Gold
  • Spawn Location: 5:00

VOD

Have the link to the VOD?

Description

Time

  • Played on: Aug. 12, 2020, 1:11 p.m.
  • Length: 10:55
Show
View Real Time Build Order
Export as new Build Order

Lucky Protoss 

Build Orders: Oracle Opening 

Get SALT Encoding   

  12  0:00  Probe  
  13  0:12  Probe  
  14  0:24  Probe  
  14  0:25  Pylon  
  15  0:39  Pylon  
  15  0:43  Probe (Chrono Boost)  
  16  0:52  Gateway  
  16  0:54  Assimilator  
  16  0:55  Probe (Chrono Boost)  
  17  1:02  Assimilator  
  18  1:04  Probe (Chrono Boost)  
  18  1:11  Probe (Chrono Boost)  
  19  1:23  Probe (Chrono Boost)  
  19  1:25  Gateway  
  20  1:30  Probe (Chrono Boost)  
  21  1:39  Probe  
  22  1:42  Cybernetics Core  
  22  1:51  Probe  
  23  2:12  Forge  
  23  2:19  Adept (Chrono Boost)  
  27  2:29  Stargate, Adept (Chrono Boost)  
  27  2:31  Stargate  
  27  2:39  Warp Gate  
  27  3:10  Pylon  
  27  3:14  Oracle  
  27  3:16  Nexus  
  30  3:45  Oracle  
  29  4:00  Zealot  
  31  4:06  Photon Cannon, Pylon  
  31  4:07  Shield Battery  
  31  4:08  Pylon  
  31  4:30  Shield Battery x2  
  31  4:32  Photon Cannon  
  31  4:34  Protoss Air Weapons Level 1 (Chrono Boost)  
  31  5:06  Phoenix x2  
  35  5:14  Photon Cannon  
  35  5:16  Probe, Shield Battery  
  35  5:20  Probe  
  37  5:31  Photon Cannon, Phoenix  
  39  5:44  Phoenix  
  39  5:45  Probe (Chrono Boost)  
  39  5:46  Probe (Chrono Boost)  
  43  5:56  Probe x2 (Chrono Boost)  
  45  6:00  Probe x2 (Chrono Boost)  
  47  6:10  Phoenix  
  49  6:12  Probe (Chrono Boost)  
  49  6:15  Probe (Chrono Boost), Assimilator  
  51  6:19  Assimilator  
  51  6:23  Probe (Chrono Boost)  
  51  6:25  Probe (Chrono Boost)  
  53  6:28  Probe (Chrono Boost)  
  53  6:30  Probe (Chrono Boost)  
  55  6:33  Phoenix  
  55  6:38  Probe  
  58  6:42  Probe  
  58  6:46  Phoenix  
  61  6:58  Phoenix  
  63  7:09  Probe  
  63  7:11  Probe, Phoenix  
  67  7:17  Protoss Air Armor Level 1 (Chrono Boost)  
  67  7:22  Pylon  
  67  7:23  Phoenix  
  67  7:26  Probe  
  70  7:40  Probe x2, Phoenix  
  74  7:50  Phoenix  
  76  8:05  Phoenix  
  78  8:30  Phoenix  
  78  9:12  Nexus  
  78  9:14  Pylon  
  78  9:16  Pylon  
  78  9:19  Pylon  
  78  9:22  Phoenix, Pylon  
  78  9:26  Pylon  
  78  9:29  Assimilator  
  78  9:32  Phoenix  
  78  9:33  Assimilator  
  76  9:47  Phoenix  
  78  9:57  Phoenix  
  76  10:12  Phoenix  
  72  10:20  Fleet Beacon  
  70  10:22  Phoenix  
  70  10:27  Stargate  
  70  10:28  Stargate  
  72  10:31  Stargate  
  72  10:37  Pylon  
  72  10:39  Pylon  
Show
View Real Time Build Order
Export as new Build Order

strider Zerg 

Build Orders: Hatch First, Swarm Host 

Get SALT Encoding   

  12  0:02  Drone  
  13  0:09  Drone  
  14  0:20  Overlord  
  14  0:38  Drone x3  
  17  0:56  Hatchery  
  16  0:59  Drone  
  17  1:04  Extractor, Drone  
  17  1:19  Drone, Spawning Pool  
  17  1:23  Drone  
  19  1:32  Drone  
  19  1:44  Drone  
  20  1:54  Drone  
  21  2:05  Drone  
  21  2:07  Queen  
  24  2:10  Queen  
  24  2:12  Drone  
  27  2:20  Roach Warren  
  26  2:24  Extractor, Drone x2  
  24  2:54  Drone x3  
  24  2:55  Drone  
  24  2:56  Overlord x2  
  28  3:01  Lair  
  28  3:08  Overlord  
  28  3:13  Evolution Chamber  
  27  3:23  Drone x3  
  30  3:27  Queen  
  30  3:29  Drone  
  30  3:30  Drone  
  30  3:31  Drone x2  
  30  3:32  Drone  
  30  3:33  Drone  
  38  3:48  Drone x4  
  42  3:53  Drone  
  43  3:59  Glial Reconstitution  
  43  4:01  Roach x2  
  47  4:08  Roach x2  
  51  4:11  Overlord x2  
  51  4:24  Overlord x3  
  51  4:32  Drone x2, Infestation Pit  
  51  4:36  Extractor  
  51  4:37  Extractor, Roach x3  
  58  4:38  Roach  
  58  4:47  Roach x2  
  62  4:56  Zerg Missile Weapons Level 1  
  62  4:57  Drone  
  62  4:58  Drone x2  
  62  4:59  Drone x2  
  68  5:07  Drone  
  68  5:11  Drone  
  59  5:46  Swarm Host  
  59  5:47  Swarm Host x4  
  74  6:00  Pneumatized Carapace  
  74  6:04  Roach x4  
  82  6:19  Swarm Host x2  
  88  6:36  Roach x2  
  92  7:10  Nydus Network  
  92  7:14  Overlord x4  
  91  7:32  Overlord x4  
  91  7:33  Overlord x2, Swarm Host x2  
  97  7:50  Hatchery  
  96  8:03  Zerg Missile Weapons Level 2  
  96  8:07  Roach x6  
  96  8:10  Queen  
  108  8:23  Nydus Canal  
  51  9:07  Drone x7  
  51  9:08  Drone x7  
  65  9:17  Drone x3  
  65  9:18  Drone x2  
  70  9:28  Evolution Chamber  
  69  9:43  Queen  
  69  9:45  Drone x10  
  81  10:03  Nydus Canal  
  81  10:13  Zergling x6  
  81  10:14  Zergling x18  
Show
View Real Time Build Order
Export as new Build Order

qqq Zerg - Winner!

Build Orders: Hatch First 

Get SALT Encoding   

  12  0:02  Drone  
  13  0:09  Drone  
  14  0:36  Hatchery  
  13  0:52  Spawning Pool  
  13  0:54  Drone  
  13  1:02  Overlord  
  13  1:07  Drone  
  13  1:10  Extractor  
  13  1:13  Drone  
  14  1:28  Drone  
  14  1:30  Drone  
  16  1:40  Queen  
  16  1:41  Drone  
  19  1:53  Drone  
  20  1:55  Drone  
  20  1:58  Queen  
  23  2:06  Drone  
  23  2:07  Drone  
  25  2:10  Drone  
  26  2:19  Zergling x2  
  26  2:20  Drone  
  26  2:22  Metabolic Boost  
  28  2:32  Overlord  
  28  2:33  Overlord  
  28  2:51  Zergling x2  
  29  2:52  Drone  
  29  2:53  Drone x2  
  32  3:00  Drone, Zergling x6  
  32  3:01  Evolution Chamber  
  35  3:11  Drone  
  35  3:12  Drone x3  
  39  3:15  Overlord  
  39  3:23  Zergling x2  
  39  3:25  Drone  
  41  3:28  Zerg Melee Weapons Level 1  
  38  3:42  Zergling x2  
  38  3:43  Drone, Zergling x6  
  38  3:44  Drone x3  
  44  3:59  Zergling x4  
  44  4:00  Drone x2  
  48  4:14  Zergling x2  
  48  4:15  Drone  
  50  4:24  Drone  
  50  4:28  Overlord  
  51  4:35  Spore Crawler  
  51  4:37  Spore Crawler  
  49  4:44  Hatchery  
  48  4:49  Hatchery  
  43  4:59  Drone x3  
  44  5:00  Drone x3  
  47  5:09  Drone  
  47  5:10  Drone  
  49  5:19  Drone  
  50  5:21  Lair  
  50  5:22  Zergling x2  
  50  5:26  Zerg Ground Armor Level 1  
  50  5:27  Zergling x2  
  49  5:35  Zergling x2  
  49  5:37  Drone x2  
  46  5:46  Drone  
  47  5:56  Drone x2  
  49  5:57  Drone, Zergling x2  
  49  5:59  Drone  
  49  6:03  Zergling x6  
  55  6:15  Zergling x6  
  55  6:16  Drone  
  55  6:18  Drone  
  60  6:19  Drone  
  60  6:20  Drone  
  62  6:29  Hatchery  
  62  6:30  Hatchery, Spore Crawler  
  59  6:34  Spore Crawler  
  59  6:36  Hatchery  
  57  6:48  Drone  
  57  6:49  Zergling x6  
  57  6:50  Zergling x6, Infestation Pit  
  57  6:51  Drone x2  
  57  6:52  Drone x4  
  69  7:06  Spine Crawler  
  68  7:09  Spine Crawler  
  68  7:10  Zergling x8  
  68  7:11  Overlord x2  
  68  7:12  Overlord  
  68  7:13  Overlord  
  71  7:28  Overlord x4  
  71  7:31  Zergling x2  
  71  7:32  Zergling x2  
  71  7:33  Zergling x10  
  75  7:58  Drone x5  
  77  7:59  Drone x5  
  77  8:00  Zergling x10  
  87  8:33  Zergling x12  
  83  8:34  Zergling x6  
  83  8:35  Zergling x16  
  83  8:36  Zergling x4  
  78  9:00  Zergling x12  
  78  9:01  Drone x5  
  78  9:02  Drone x5  
  75  9:11  Extractor  
  75  9:12  Drone  
  75  9:13  Drone x2  
  75  9:15  Zergling x2  
  80  9:19  Spore Crawler  
  80  9:22  Spore Crawler  
  72  9:26  Spore Crawler  
  72  9:29  Spore Crawler  
  70  9:40  Hive  
  70  9:44  Spore Crawler  
  67  9:47  Spore Crawler, Overlord x6  
  67  9:51  Drone  
  67  9:52  Drone x3, Spore Crawler  
  69  9:53  Zergling x10  
  69  9:56  Zergling x2  
  69  9:57  Zergling x2  
  76  10:06  Zergling x2  
  76  10:07  Overlord  
  77  10:14  Overlord x2  
  77  10:15  Drone x2, Zergling x2  
  77  10:16  Zergling x4  
  77  10:17  Drone  
Show
View Real Time Build Order
Export as new Build Order

Massa Terran - Winner!

Build Orders:  

Get SALT Encoding   

  12  0:01  SCV  
  13  0:13  SCV  
  14  0:25  SCV, Supply Depot  
  15  0:30  Refinery  
  15  0:47  SCV  
  16  0:50  Barracks  
  16  0:59  SCV  
  17  1:11  SCV  
  18  1:27  SCV  
  19  1:38  Reaper  
  19  1:39  SCV, Supply Depot  
  21  1:53  Barracks  
  21  2:01  Bunker  
  21  2:11  Command Center  
  21  2:15  Marine  
  22  2:28  Orbital Command  
  22  2:57  Barracks  
  21  3:03  SCV  
  22  3:10  Barracks Tech Lab, Marine  
  23  3:15  SCV  
  24  3:27  Marine  
  24  3:44  Marauder  
  24  3:45  Marine  
  27  4:03  Marine  
  27  4:05  Marauder  
  27  4:08  Orbital Command  
  30  4:10  SCV  
  31  4:22  SCV  
  32  4:34  SCV  
  32  4:35  Factory  
  32  4:38  Supply Depot  
  33  4:45  Barracks Reactor, Supply Depot  
  33  4:46  SCV  
  34  4:58  SCV  
  34  5:08  Marauder  
  34  5:12  Barracks Reactor  
  36  5:17  Engineering Bay  
  36  5:23  Armory  
  36  5:25  Engineering Bay  
  36  5:29  Marauder  
  36  5:30  Starport  
  36  5:32  Refinery, SCV x2  
  40  5:38  Marine x2  
  42  5:44  SCV x2  
  44  5:51  Marauder  
  44  5:54  Supply Depot  
  44  5:56  SCV x2, Marine x2, Supply Depot  
  50  5:58  Missile Turret  
  50  6:04  Missile Turret  
  50  6:08  SCV, Terran Infantry Weapons Level 1  
  51  6:12  Marauder  
  51  6:14  Marine  
  51  6:17  Supply Depot  
  54  6:34  Marauder  
  54  6:37  Marine x3, Command Center  
  54  6:38  Marine  
  60  6:40  Factory Tech Lab  
  60  6:47  Terran Infantry Armor Level 1  
  60  6:50  Stimpack  
  60  6:55  Marauder  
  62  7:02  SCV x2  
  64  7:14  SCV x2  
  66  7:16  Marauder  
  68  7:26  SCV x2  
  68  7:28  Missile Turret  
  70  7:32  Widow Mine  
  72  7:38  Drilling Claws, Marauder  
  74  7:45  Terran Vehicle Weapons Level 1  
  74  7:48  Missile Turret  
  74  7:51  Missile Turret  
  74  7:53  Widow Mine  
  71  7:59  Marauder  
  72  8:11  Missile Turret  
  72  8:14  Widow Mine  
  74  8:23  Medivac  
  74  8:25  Orbital Command  
  74  8:26  SCV  
  77  8:28  SCV  
  78  8:35  Command Center  
  78  8:38  SCV  
  78  8:40  SCV  
  80  8:44  Missile Turret  
  79  8:50  SCV  
  79  8:52  SCV  
  79  8:53  Medivac  
  83  8:58  SCV  
  83  9:02  SCV  
  85  9:04  SCV  
  85  9:10  SCV  
  85  9:14  SCV  
  85  9:16  SCV, Sensor Tower  
  88  9:21  Marauder, Marine  
  88  9:22  Marine x3  
  88  9:23  SCV  
  95  9:27  SCV  
  95  9:28  SCV  
  97  9:35  SCV  
  97  9:39  SCV, Marine  
  97  9:40  Marine x2  
  97  9:45  Missile Turret  
  101  9:51  Command Center  
  101  9:54  Supply Depot  
  101  9:59  Supply Depot  
  101  10:06  Missile Turret  
  101  10:15  Marine x4  
  101  10:16  Marauder  
  101  10:17  Refinery  
  101  10:18  Supply Depot  
  101  10:20  Refinery  
  107  10:27  Missile Turret  
  107  10:33  Marine x4  
  107  10:35  SCV x3  
  114  10:41  Supply Depot  
  119  10:51  Missile Turret  
Tags
 
Add a new tag
Caveats
  • Supply blocks, unpowered buildings, or Contaminate may cause inaccurate times.
  • Supply counts are checked every 10 seconds.